 Dungeon Crawl Stone Soup version 0.31-a0-931-g7b59d4eb97 (webtiles) character file.

Game seed: 2797627100497679808

207 XLettuce the Stinger (level 5, 0/41 HPs)
             Began as a Draconian Venom Mage on Oct 19, 2023.
             Was an Initiate of Yredelemnul.
             Killed from afar by an orc wizard (9 damage)
             ... with a puff of flame
             ... on level 4 of the Dungeon.
             The game lasted 00:09:45 (2614 turns).

XLettuce the Stinger (Draconian Venom Mage)         Turns: 2614, Time: 00:09:45

Health: 0/41       AC:  5    Str: 11    XL:     5   Next: 54%
Magic:  10/10      EV: 12    Int: 17    God:    Yredelemnul [......]
Gold:   120        SH:  0    Dex: 11    Spells: 1/10 levels left

rFire   . . .        f - +0 short sword
rCold   . . .        (no shield)
rNeg    . . .        (body armour unavailable)
rPois   +            (helmet restricted)
rElec   .            (no cloak)
rCorr   +            (no gloves)
SInv    .            (no boots)
Will    .....        i - amulet of magic regeneration
Stlth   ++           l - ring of poison resistance
HPRegen 0.26/turn    n - ring of resist corrosion
MPRegen 0.52/turn

%: no passive effects
@: no status effects
A: AC +5, unfitting armour, cold-blooded
a: Renounce Religion, Recall Undead Harvest


You were on level 4 of the Dungeon.
You worshipped Yredelemnul.
Yredelemnul was noncommittal.
You visited 1 branch of the dungeon, and saw 4 of its levels.

You collected 120 gold pieces.

Inventory:

Hand Weapons
 d - a +0 club
 f - a +0 short sword (weapon)
Jewellery
 i - an amulet of magic regeneration (around neck)
 l - a ring of poison resistance (left hand)
 n - a ring of resist corrosion (right hand)
Wands
 o - a wand of polymorph (7)
Scrolls
 b - a scroll of enchant weapon {unknown}
 c - a scroll of teleportation {unknown}
 e - a scroll of poison {unknown}
 j - a scroll of amnesia {unknown}
 k - a scroll of vulnerability {unknown}
 q - 2 scrolls of revelation {unknown}
 t - a scroll of brand weapon {unknown}
Potions
 a - a potion of magic
 g - a potion of berserk rage {unknown}
 h - 2 potions of brilliance
 m - 2 potions of heal wounds {unknown}
 p - a potion of invisibility {unknown}
 r - a potion of mutation {unknown}
 s - a potion of cancellation {unknown}
 u - a potion of ambrosia {unknown}
 v - a potion of enlightenment {unknown}


   Skills:
 + Level 2.1 Fighting
 - Level 1.7 Dodging
 - Level 1.7 Stealth
 * Level 3.4 Spellcasting
 + Level 1.0 Transmutations
 + Level 1.3 Air Magic
 * Level 4.3 Poison Magic
 + Level 1.3 Invocations


You had one spell level left.
You knew the following spells:

 Your Spells              Type           Power      Damage    Failure   Level
a - Sting                 Tmut/Pois      48%        1d5       5%          1
b - Poisonous Vapours     Pois/Air       24%        N/A       8%          2
c - Swiftness             Air            7%         N/A       28%         3
d - Mephitic Cloud        Conj/Pois/Air  9%         N/A       22%         3

Your spell library contained the following spells:

 Spells                   Type           Power      Damage    Failure   Level
 Magic Dart               Conj           8%         1d3       17%         1
 Passwall                 Tmut/Erth      3%         N/A       21%         2
 Call Imp                 Summ           4%         N/A       26%         2
 Ensorcelled Hibernation  Hex/Ice        4%         N/A       26%         2
 Jinxbite                 Hex            4%         N/A       26%         2
 Olgreb's Toxic Radiance  Pois           17%        N/A       28%         4
 Anguish                  Hex/Necr       1%         N/A       86%         4


Dungeon Overview and Level Annotations

Branches:
Dungeon (4/15)
 Temple: D:4-7

Altars:
Fedhas
Yredelemnul

Shops:
D:3 :


Innate Abilities, Weirdness & Mutations

Your plain brown scales are hard. (AC +5)
You cannot fit into any form of body armour.
You are cold-blooded and may be slowed by cold attacks.


Message History

Aim: an orc wizard, wielding a +0 dagger and wearing a +0 robe (64% to hit)
The sting hits the orc wizard but does no damage.
The orc wizard is poisoned.
The orc shouts!
The orc wizard hits you with a +0 dagger.
Aiming: Sting (safe; 5% risk of failure)
Press: ? - help, Q - select action, (/) - cycle Shift-Dir - straight line, f/p - orc wizard
Aim: an orc wizard, wielding a +0 dagger and wearing a +0 robe (lightly wounded, poisoned, 64% to hit)
The sting hits the orc wizard but does no damage.
The orc wizard looks even sicker.
The orc wizard is lightly wounded.
The orc wizard misses you.
The orc priest calls down the wrath of Beogh upon you.
Beogh smites you!
The orc wizard casts a spell.
The orc wizard flickers and vanishes!
Deactivating autopickup; reactivate with Ctrl-A.
Casting: Sting (safe; 5% risk of failure)
Confirm with . or Enter, or press ? or * to list all spells.
Okay, then.
Aiming: Sting (safe; 5% risk of failure)
Press: ? - help, Q - select action, (/) - cycle Shift-Dir - straight line, f/p - orc wizard
Aim: an orc wizard, wielding a +0 dagger and wearing a +0 robe (moderately wounded, very poisoned, 64% to hit)
The sting misses the orc wizard.
The orc wizard closely misses you.
Your magical contamination has completely faded away.
The orc priest calls upon Beogh to heal the orc wizard.
The orc wizard is healed somewhat.
The orc wizard casts a spell.
The orc wizard flickers and vanishes!
The orc throws a boomerang.
The orc throws a boomerang.
The orc priest mumbles some strange prayers to Beogh against you.
Beogh smites you!
* * * LOW HITPOINT WARNING * * *
A magic dart appears from out of thin air!
The magic dart hits something!
A puff of flame appears from out of thin air!
The puff of flame hits you!
You die...
Your body rises from the dead as a mindless zombie.

#..# ##o# #).# ##{.#
##.o## ##{.## ##..## #..##
.## ###@##
.....#..########## #
.................. .##
......##...###...# ..#
.###.# #.#.#(#.#.# #.#
##.###...#.#...###.#
####)....###...###....#
###..)...#.#.#.#.#.#.#..#
##.....#....##.#.#.##....#


You could see an orc priest and an orc.

Vanquished Creatures
  An ogre (D:4)
  Ijyb (D:3)
  3 adders
  A worm (D:3)
  4 orcs
  3 bats
  7 endoplasms
  2 giant cockroaches
  4 goblins
  5 hobgoblins
  4 ball pythons
  5 frilled lizards
  7 kobolds
  6 rats
53 creatures vanquished.

Vanquished Creatures (collateral kills)
  An adder (D:4)
  2 jackals (D:2)
  A frilled lizard (D:3)
4 creatures vanquished.

Vanquished Creatures (others)
  A ball python zombie (D:2)
  A goblin zombie (D:4)
  A kobold zombie (D:4)
  An orc zombie (D:3)
4 creatures vanquished.

Grand Total: 61 creatures vanquished

Notes
Turn   | Place    | Note
-------+----------+-------------------------------------------
     0 | D:1      | XLettuce the Draconian Venom Mage began the quest for the
                  | Orb.
     0 | D:1      | Reached XP level 1. HP: 14/14 MP: 3/3
    99 | D:1      | Reached XP level 2. HP: 4/22 MP: 1/5
   273 | D:1      | Learned a level 2 spell: Poisonous Vapours
   557 | D:1      | Reached skill level 1 in Fighting
  1164 | D:2      | Reached XP level 3. HP: 28/28 MP: 3/6
  1477 | D:2      | Found a faded altar of an unknown god.
  1481 | D:2      | Prayed at the altar of an unknown god.
  1481 | D:2      | Became a worshipper of Yredelemnul the Dark
  1539 | D:2      | Reached * piety under Yredelemnul
  1738 | D:3      | Noticed Ijyb
  1752 | D:3      | Killed Ijyb
  1753 | D:3      | Reached XP level 4. HP: 35/35 MP: 8/8
  1776 | D:3      | Learned a level 3 spell: Swiftness
  1919 | D:3      | Found Neuzxaof's Book Emporium.
  2044 | D:3      | Found a blossoming altar of Fedhas.
  2455 | D:4      | Noticed an ogre
  2458 | D:4      | Reached skill level 4 in Poison Magic
  2468 | D:4      | Killed an ogre
  2469 | D:4      | Reached skill level 1 in Air Magic
  2469 | D:4      | Reached skill level 1 in Invocations
  2469 | D:4      | Reached XP level 5. HP: 41/41 MP: 2/10
  2485 | D:4      | Learned a level 3 spell: Mephitic Cloud
  2614 | D:4      | Killed from afar by an orc wizard

Illustrated notes

Levels and vault maps discovered:
D:1:      mainiacjoe_arrival_oval_in_oval, layout_loops_ring
D:2:      layout_basic, shapermc_ecumenical_altar_acropolis
D:3:      layout_rooms, fedhas_altar_4, serial_shops, nicolae_shop_crystal,
          serial_bayou, serial_bayou_pond_c, serial_bayou_lagoon_a,
          serial_bayou_lagoon_b, serial_bayou_shore_a, serial_bayou_shore_b,
          minivault_23, nicolae_the_louvre, uniq_ijyb
D:4:      layout_layer_cave, dk_vineyard_3, minmay_starry_boxes

Skill      XL: |  1  2  3  4 |
---------------+-------------+-----
Fighting       | 1 2 |  2.1
Spellcasting   | 3 |  3.4
Poison Magic   | 4 |  4.3
Air Magic      | 1 |  1.3
Invocations    | 1 |  1.3
Dodging        | |  1.7
Stealth        | |  1.7
Transmutations | |  1.0

Action                     |  1- 3 |  4- 6 || total
---------------------------+-------+-------++-------
  Melee: Club              |    21 |       ||    21
         Short sword       |    31 |    27 ||    58
         Tailslap          |     4 |     3 ||     7
         Unarmed           |     6 |       ||     6
   Cast: Sting             |    43 |    29 ||    72
         Poisonous Vapours |       |     3 ||     3
    Use: Scroll            |       |     2 ||     2
   Stab: Confused          |     1 |       ||     1
         Sleeping          |     1 |       ||     1
 Armour: Skin              |    33 |    26 ||    59
  Dodge: Dodged            |    45 |    31 ||    76

Table legend: (Time is in decaauts)
 A = Elapsed time spent in this place.
 B = Non-inter-level travel time spent in this place.
 C = Inter-level travel time spent in this place.
 D = Time resting spent in this place.
 E = Time spent auto-exploring this place.
 F = Levels seen in this place.
 G = Mean time per level.
                   A        B        C        D        E       F      G
               +--------+--------+--------+--------+--------+-----+--------+
         Total |   2656 |   2613 |     43 |    115 |   1964 |   4 |  664.0 |
       Dungeon |   2656 |   2613 |     43 |    115 |   1964 |   4 |  664.0 |
               +--------+--------+--------+--------+--------+-----+--------+

Top non-repeatable levels by time:
     D:1: 1114 daAuts
     D:3: 756 daAuts
     D:2: 609 daAuts
     D:4: 175 daAuts
